 Dungeon Crawl Stone Soup version 0.18-b1-22-ge198996 (webtiles) character file.

74 Hsing the Sneak (level 4, -10/29 HPs)
             Began as an Octopode Assassin on May 4, 2016.
             Mangled by a worm (11 damage)
             ... on level 2 of the Dungeon.
             The game lasted 00:05:14 (1403 turns).

Hsing the Sneak (Octopode Assassin)                 Turns: 1403, Time: 00:05:15

Health: -10/29     AC:  1    Str: 10    XL:     4   Next: 30%
Magic:  4/4        EV: 12    Int: 13    God:
Gold:   59         SH:  0    Dex: 14    Spells: 0 memorised, 3 levels left

rFire  . . .     SeeInvis .     n - +3 short sword
rCold  . . .     Gourm    .     (no shield)
rNeg   . . .     Faith    .     (helmet restricted)
rPois  .         Spirit   .     (no amulet)
rElec  .         Dismiss  .     (no ring)
rCorr  .         Reflect  .     (no ring)
SustAt .         Harm     .     (no ring)
MR     .....                    (no ring)
Stlth  +++++.....               (no ring)
                                (no ring)
                                (no ring)
                                (no ring)

@: not resistant to hostile enchantments, quite stealthy
A: almost no armour, amphibious, 8 rings, constrict 8, camouflage 1, gelatinous
body 1
a: no special abilities


You were on level 2 of the Dungeon.
You were very full.

You visited 1 branch of the dungeon, and saw 2 of its levels.

You collected 59 gold pieces.

Inventory:

Hand Weapons
 a - a +2 dagger
 b - a +0 blowgun
 n - a +3 short sword (weapon)
Missiles
 c - 20 poisoned needles
 d - 2 curare-tipped needles
Scrolls
 j - a scroll of remove curse
Potions
 e - a potion of flight {unknown}
 g - a potion of invisibility {unknown}
 i - a potion of haste {unknown}
 l - a potion of curing
Comestibles
 f - a bread ration
 m - a meat ration


   Skills:
 + Level 2.2 Fighting
 + Level 2.5 Short Blades
 + Level 2.8 Throwing
 + Level 1.6 Dodging
 * Level 6.3 Stealth


You had 3 spell levels left.
You didn't know any spells.

Dungeon Overview and Level Annotations

Branches:
Dungeon (2/15)

Altars:


Innate Abilities, Weirdness & Mutations

You cannot wear most types of armour.
You are amphibious.
You can wear up to eight rings at the same time.
You can use your tentacles to constrict eight enemies at once.
Your skin changes colour to match your surroundings (Stealth).
Your rubbery body absorbs attacks (AC +1).


Message History

The quokka misses you.
You barely miss the quokka. You grab the quokka. You constrict the quokka.
The quokka barely misses you.
You hit the quokka.
The quokka is heavily wounded.
You constrict the quokka, but do no damage.
The quokka barely misses you.
You hit the quokka.
You kill the quokka!
There is a stone staircase leading up here.
You now have 59 gold pieces (gained 11).
A worm comes into view.
You hit the worm. Your grab misses the worm. You squeeze the worm.
The worm is heavily wounded.
The worm bites you!
* * * LOW HITPOINT WARNING * * *
You hit the worm. You grab the worm. You squeeze the worm.
The worm is severely wounded.
You constrict the worm. The worm bites you!
You die...

...#.##...<....##......#
...........).#.##.####.#
####.####.#..#.##.# #.#
h............#....# #.#
####.####..###########.#
...#... #..# #.......#
#.####.##..# #.#######
#.# .##..# #.# ..# ....#
#@# ### . #w# # .. ..#
##.# ###


You could see a worm.

Vanquished Creatures
  Natasha (D:2)
  A dart slug (D:2)
  2 giant geckos (D:1)
  2 ball pythons
  6 bats
  2 giant cockroaches (D:1)
  8 goblins
  3 hobgoblins
  4 jackals
  4 kobolds
  A quokka (D:2)
  2 giant newts (D:1)
  7 rats
43 creatures vanquished.

Notes
Turn   | Place    | Note
--------------------------------------------------------------
     0 | D:1      | Hsing the Octopode Assassin began the quest for the Orb.
     0 | D:1      | Reached XP level 1. HP: 14/14 MP: 1/1
    90 | D:1      | Reached XP level 2. HP: 19/19 MP: 2/2
   457 | D:1      | Reached XP level 3. HP: 8/24 MP: 3/3
   864 | D:2      | Reached skill level 6 in Stealth
  1040 | D:2      | Noticed Natasha
  1339 | D:2      | Killed Natasha
  1339 | D:2      | Reached XP level 4. HP: 11/29 MP: 4/4
  1402 | D:2      | HP: 1/29 [worm (11)]
  1403 | D:2      | Mangled by a worm

Skill      XL: |  1  2  3 |
---------------+----------+-----
Stealth        | 6 |  6.3
Fighting       | |  2.2
Short Blades   | |  2.5
Throwing       | |  2.8
Dodging        | |  1.6

Action                   |  1- 3 |  4- 6 || total
-------------------------+-------+-------++-------
Melee: Dagger            |    70 |       ||    70
       Constrict         |    20 |     2 ||    22
       Tentacles         |    10 |     2 ||    12
       Short sword       |       |     8 ||     8
 Fire: Blowgun           |     7 |       ||     7
  Use: Scroll            |       |     3 ||     3
 Stab: Sleeping          |    11 |       ||    11
  Eat: Bread ration      |     1 |       ||     1
       Meat ration       |       |     1 ||     1
Armor: Skin              |     8 |       ||     8
Dodge: Dodged            |    34 |     6 ||    40
